 Dungeon Crawl Stone Soup version 0.30-a0-622-gddc90eaa04 (webtiles) character file.

Game seed: 4500448651475010871

2444 OTABOTABOTAB the Skirmisher (level 9, -9/56 HPs)
             Began as a Kobold Hunter on Jan 11, 2023.
             Was a Believer of Okawaru.
             Mangled by a troll (15 damage)
             ... on level 8 of the Dungeon.
             The game lasted 00:13:25 (7766 turns).

OTABOTABOTAB the Skirmisher (Kobold Hunter)         Turns: 7766, Time: 00:13:26

Health: -9/56      AC:  7    Str:  9      XL:     9   Next: 78%
Magic:  12/12      EV: 19    Int:  8 (10) God:    Okawaru [**....]
Gold:   448        SH:  0    Dex: 21 (22) Spells: 8/8 levels left

rFire   . . .      SeeInvis .    a - +0 shortbow
rCold   . . .      Faith    .    (shield currently unavailable)
rNeg    . . .      Spirit   .    c - +0 leather armour
rPois   +          Reflect  .    r - +1 hat
rElec   .          Harm     .    o - +0 cloak
rCorr   +          Rampage  .    t - +1 pair of gloves
Will    .....                    (no boots)
Stlth   +++                      (no amulet)
HPRegen 0.29/turn                g - ring of resist corrosion
MPRegen 0.13/turn                P - ring of poison resistance {rPois, !d}

@: no status effects
A: small, no large weapons, nightstalker 3
a: Renounce Religion, Heroism


You were on level 8 of the Dungeon.
You worshipped Okawaru.
Okawaru was pleased with you.
You visited 2 branches of the dungeon, and saw 9 of its levels.

You collected 448 gold pieces.

Inventory:

Hand Weapons
 a - a +0 shortbow (weapon)
 b - a +2 dagger of venom
   (You took it off a kobold on level 1 of the Dungeon)
Missiles
 h - 9 poisoned darts
 n - 5 boomerangs
 s - 96 stones
 u - 2 throwing nets {!d}
Armour
 c - a +0 leather armour (worn)
 o - a +0 cloak (worn)
   (You found it on level 2 of the Dungeon)
 r - a +1 hat (worn)
   (You found it on level 6 of the Dungeon)
 t - a +1 pair of gloves (worn)
   (You found it on level 6 of the Dungeon)
Magical Staves
 f - a staff of cold {rC+}
   (You found it on level 3 of the Dungeon)
Jewellery
 g - a ring of resist corrosion (left hand)
   (You found it on level 2 of the Dungeon)
 i - a ring of positive energy {rN+}
   (You took it off a kobold on level 4 of the Dungeon)
 k - a ring of positive energy {rN+}
   (You found it on level 5 of the Dungeon)
 P - a ring of poison resistance (right hand) {rPois, !d}
   (You found it on level 6 of the Dungeon)
Wands
 d - a wand of digging (8)
   (You found it on level 6 of the Dungeon)
 j - a wand of polymorph (3)
   (You found it on level 2 of the Dungeon)
 q - a wand of flame (7)
   (You found it on level 5 of the Dungeon)
Scrolls
 m - a scroll of poison {!r}
 p - a scroll of amnesia
 D - a scroll of blinking {!r}
 K - 2 scrolls of immolation {!r}
 X - a scroll of magic mapping {@r4!r}
 Y - 4 scrolls of teleportation {@r3}
Potions
 e - 3 potions of lignification {!q}
 l - a potion of cancellation
 H - 2 potions of haste
 M - a potion of magic
 N - a potion of heal wounds {@q2}
 T - 2 potions of berserk rage {!q}


   Skills:
 + Level 6.6 Fighting
 * Level 11.9 Ranged Weapons
 + Level 7.4 Dodging
 - Level 1.3 Stealth
 + Level 4.7 Invocations


You had 8 spell levels left.
You didn't know any spells.
Your spell library contained the following spells:

 Spells                   Type           Power      Damage    Failure   Level
 Sandblast                Erth           0%         2d4       52%         1
 Ensorcelled Hibernation  Hex/Ice        0%         N/A       67%         2
 Passwall                 Tmut/Erth      0%         N/A       67%         2
 Hailstorm                Conj/Ice       0%         3d3       88%         3
 Stone Arrow              Conj/Erth      0%         3d7       88%         3
 Swiftness                Air            0%         N/A       88%         3
 Ice Form                 Ice/Tmut       0%         N/A       99%         4
 Summon Lightning Spire   Summ/Air       Unusable   N/A       N/A         4
 Death Channel            Necr           Unusable   N/A       N/A         6
 Simulacrum               Ice/Necr       Unusable   N/A       N/A         6

Dungeon Overview and Level Annotations

Branches:
Dungeon (8/15)             Temple (1/1) D:4
   Lair: D:8-11

Altars:
Ashenzari
Cheibriados
Dithmenos
Elyvilon
Fedhas
Hepliaklqana
Kikubaaqudgha
Makhleb
Nemelex Xobeh
Okawaru
Qazlal
Ru
Sif Muna
Trog
Uskayaw
Vehumet
Wu Jian
Xom
Yredelemnul
Zin
The Shining One

Shops:
D:4 :

Annotations:
D:8 Maggie


Innate Abilities, Weirdness & Mutations

You are small and have problems with some larger weapons.
You are completely attuned to the shadows.


Message History

You shoot an arrow. The arrow hits the bullfrog!
You shoot an arrow. The arrow closely misses the bullfrog.
The bullfrog barely misses you.
You shoot an arrow.
The arrow completely misses the bullfrog.
The bullfrog hits you but does no damage.
The bullfrog snags a nearby butterfly with its tongue.
The bullfrog closely misses you.
You shoot an arrow. The arrow hits the bullfrog!
The bullfrog hits you.
You take 3 damage, and have 53/56 hp.
You shoot an arrow. The arrow hits the bullfrog!
You kill the bullfrog!
Okawaru accepts your kill.
You feel your strength returning.
No target in view!
No target in view!
Done exploring.
Health restored: 56 Done exploring.
(D) Dungeon (T) Temple
Where to? (Enter - D:8, ? - help)
There is a stone staircase leading down here.
You climb downwards.
There is a stone staircase leading up here.
There is a stone staircase leading up here.
Maggie the Vainglorious comes into view.
She is wielding a +1 war axe of distortion.
You shoot an arrow. The arrow hits Maggie.
Maggie shouts!
You hear a shout! x3; You hear a bark!
You hear a shout! x2
You hear a howl!
You shoot an arrow.
The arrow hits Maggie but does no damage.
You shoot an arrow.
The arrow hits Maggie but does no damage.
You shoot an arrow. The arrow hits Maggie!
A wight comes into view. It is wielding a +0 mace.
A troll comes into view.
A wight comes into view. It is wielding a +0 spear.
You shoot an arrow. The arrow closely misses Maggie.
The arrow closely misses the wight.
Maggie gestures wildly while chanting.
Maggie attempts to bespell you!
You are mesmerised by Maggie!
Fire: a) +0 shortbow
Aim: Maggie, wielding a +1 war axe of distortion and wearing +2 acid dragon scales (moderately wounded, mesmerising, 70% to hit)
You shoot an arrow.
The arrow hits Maggie but does no damage.
A wight comes into view. It is wielding a +0 dire flail.
Maggie hits you with a +1 war axe of distortion!
Space warps around you.
You take 16 damage, and have 40/56 hp.
MASSIVE DAMAGE!!
Unknown command.
Fire: a) +0 shortbow
Aim: Maggie, wielding a +1 war axe of distortion and wearing +2 acid dragon scales (moderately wounded, mesmerising, 70% to hit)
You shoot an arrow.
The arrow hits Maggie but does no damage.
The wight barely misses you.
Maggie hits you with a +1 war axe of distortion!
You blink.
A kobold comes into view. It is wielding a +0 short sword.
A wolf comes into view.
You take 12 damage, and have 28/56 hp.
MASSIVE DAMAGE!!
Fire: a) +0 shortbow
Aim: a troll (70% to hit)
You shoot an arrow. The wolf howls!
The arrow hits the troll but does no damage.
You break out of your daze!
You hear a shout!
You hear a bark!
You hear a shout!
You hear a bark!
The troll barely misses you. The troll closely misses you.
The troll misses you.
Fire: a) +0 shortbow
Aim: a troll (70% to hit)
You shoot an arrow. The arrow hits the troll!
You hear a shout!
A kobold comes into view. It is wielding a +0 club.
The troll misses you. The troll completely misses you. The troll claws you!
* * * LOW HITPOINT WARNING * * *
Maggie gestures wildly while chanting.
Maggie attempts to bespell you! You resist.
You take 12 damage, and have 16/56 hp.
MASSIVE DAMAGE!!
Fire: a) +0 shortbow
Aim: a troll (lightly wounded, 70% to hit)
You shoot an arrow. The arrow hits the troll!
The troll completely misses you. The troll claws you.
* * * LOW HITPOINT WARNING * * *
The troll claws you.
* * * LOW HITPOINT WARNING * * *
A kobold brigand comes into view.
It is wielding a +0 whip and quivering curare-tipped darts.
You take 9 damage, and have 7/56 hp.
Fire: a) +0 shortbow
Aim: a troll (moderately wounded, 70% to hit)
You shoot an arrow. The arrow hits the troll.
You hear a shout!
The wolf bites you.
* * * LOW HITPOINT WARNING * * *
The kobold completely misses you. The troll bites you!
You die...

.~≈≈KK~~≈
~.≈≈~.~.≈
.#..~.~~≈.~.~
...~...~Kh..~
.....z.T@.....
.#).z@.........
zzz.z.........#
#######.......#
#.......#
#.......#
##......#
#.#.##.#
#.#.##.#


You could see Maggie, a troll, a kobold brigand, a wolf, 3 wights and 2 kobolds.

Vanquished Creatures
  Prince Ribbit (D:6)
  A steam dragon (D:6)
  Duvessa (D:6)
  A sky beast (D:7)
  3 ice beasts
  An ogre (D:4)
  A phantom (D:7)
  A kobold brigand (D:7)
  2 bullfrogs (D:7)
  A necrophage (D:5)
  4 wights (D:3)
  Dowan (D:5)
  A howler monkey (D:5)
  A jelly (D:7)
  Crazy Yiuf (D:6)
  4 orc priests
  5 hounds
  An iguana (D:5)
  11 orc wizards
  12 gnolls
  7 adders
  3 white imps
  A worm (D:2)
  A dart slug (D:2)
  17 orcs
  6 bats
  10 endoplasms
  4 giant cockroaches
  6 goblins
  4 hobgoblins
  12 jackals
  13 kobolds
  5 quokkas
  6 ball pythons
  3 frilled lizards
  6 rats
158 creatures vanquished.

Vanquished Creatures (others)
  5 fungi (D:6)
5 creatures vanquished.

Grand Total: 163 creatures vanquished

Notes
Turn   | Place    | Note
-------+----------+-------------------------------------------
     0 | D:1      | OTABOTABOTAB the Kobold Hunter began the quest for the Orb.
     0 | D:1      | Reached XP level 1. HP: 12/12 MP: 1/1
   166 | D:1      | Reached XP level 2. HP: 18/18 MP: 2/2
   173 | D:1      | Trevise: quit?
   178 | D:1      | OTABOTABOTAB: yea
   178 | D:1      | OTABOTABOTAB: oka ftw
   178 | D:1      | OTABOTABOTAB: need good weapon and gozag shops are all over
                  | the place
   329 | D:1      | Found a faded altar of an unknown god.
   849 | D:2      | Reached XP level 3. HP: 21/22 MP: 3/3
   987 | D:2      | Reached skill level 6 in Ranged Weapons
  1014 | D:2      | Reached skill level 3 in Dodging
  1334 | D:2      | Reached XP level 4. HP: 27/27 MP: 4/4
  1737 | D:3      | Reached skill level 3 in Fighting
  1887 | D:3      | Noticed a wight
  1888 | D:3      | Noticed a wight
  1990 | D:3      | Noticed a wight
  2064 | D:3      | Trevise: yeah true
  2064 | D:3      | Killed a wight
  2065 | D:3      | Reached skill level 7 in Ranged Weapons
  2065 | D:3      | Reached XP level 5. HP: 31/32 MP: 5/5
  2100 | D:3      | Reached skill level 4 in Dodging
  2100 | D:3      | Reached XP level 6. HP: 37/37 MP: 6/6
  2111 | D:3      | Trevise: lol
  2192 | D:3      | Reached skill level 4 in Fighting
  2195 | D:3      | Reached skill level 8 in Ranged Weapons
  2458 | D:3      | Noticed an ice beast
  2463 | D:3      | Killed an ice beast
  2464 | D:3      | Reached XP level 7. HP: 44/44 MP: 7/7
  2752 | D:4      | Got the Dissertation on Necromantic Rites and the Mob
  2884 | D:4      | Found a staircase to the Ecumenical Temple.
  2890 | Temple   | Entered the Ecumenical Temple
  3186 | Temple   | Became a worshipper of Warmaster Okawaru
  3528 | D:4      | Reached skill level 5 in Dodging
  3586 | D:4      | Reached skill level 9 in Ranged Weapons
  3586 | D:4      | Reached skill level 1 in Invocations
  3789 | D:4      | Found Rourud's Book Shoppe.
  3988 | D:5      | Entered Level 5 of the Dungeon
  4159 | D:5      | Reached * piety under Okawaru
  4160 | D:5      | Reached XP level 8. HP: 46/48 MP: 9/9
  4251 | D:5      | Reached skill level 5 in Fighting
  4251 | D:5      | Reached skill level 2 in Invocations
  5088 | D:6      | Noticed Prince Ribbit
  5118 | D:6      | Killed Prince Ribbit
  5119 | D:6      | Reached skill level 10 in Ranged Weapons
  5119 | D:6      | Reached skill level 6 in Dodging
  5266 | D:6      | Noticed Dowan
  5371 | D:6      | Reached skill level 3 in Invocations
  5582 | D:6      | Noticed Duvessa
  5607 | D:6      | HP: 11/51 [Dowan/+0 dagger of freezing (3)]
  5613 | D:6      | Killed Duvessa
  5613 | D:6      | Reached ** piety under Okawaru
  5614 | D:6      | Reached XP level 9. HP: 30/55 MP: 11/11
  5624 | D:6      | HP: 13/55 [gnoll/+0 club (3)]
  5636 | D:5      | HP: 13/55 [Dowan/+0 dagger of freezing (3)]
  5641 | D:5      | Killed Dowan
  6005 | D:6      | Found a runed translucent door.
  6008 | D:6      | Noticed Crazy Yiuf
  6012 | D:6      | Killed Crazy Yiuf
  6319 | D:6      | Reached skill level 6 in Fighting
  6409 | D:7      | Reached skill level 11 in Ranged Weapons
  6416 | D:7      | HP: 12/55 [something (3)]
  6849 | D:7      | Reached skill level 4 in Invocations
  7154 | D:7      | Reached skill level 7 in Dodging
  7168 | D:7      | HP: 14/56 [something/puff of flame (9)]
  7755 | D:8      | Noticed Maggie
  7759 | D:8      | Noticed a troll
  7765 | D:8      | HP: 11/56 [troll (5)]
  7766 | D:8      | Mangled by a troll

Illustrated notes

Levels and vault maps discovered:
D:1:      ncdulo_halloftheorcs, layout_loops_ring,
          hellmonk_ecumenical_altar_inner_sanctum, minmay_misc_feat_cross
D:2:      layout_basic, minmay_pentomino_r2
D:3:      minmay_inner_zag, layout_basic, grunt_ministairs_1
D:4:      layout_loops_ring, minmay_temple_entry_enclosed_plants, serial_shops,
          shop, fountainhead
D:5:      layout_basic, saegor_snake_ambush
D:6:      layout_rooms, serial_aquarium, aquarium_bridge_straight
          [aquarium_subvault_bridge, aquarium_subvault_window,
          aquarium_subvault_bridge, aquarium_subvault_balcony],
          aquarium_window_1, aquarium_window_fake, aquarium_window_1,
          aquarium_view_2d, aquarium_view_2b, aquarium_pool_corner,
          uniq_crazy_yiuf_cottage, uniq_prince_ribbit1, uniq_duvessa
D:7:      layout_rooms, serial_aquarium, aquarium_bridge_square
          [aquarium_subvault_balcony, aquarium_subvault_bridge,
          aquarium_subvault_window, aquarium_subvault_wall],
          aquarium_window_corridor_1, aquarium_window_1, aquarium_view_2b,
          aquarium_balcony_3b, minmay_misc_feat_ornament,
          minmay_splitting_lines, eino_small_chamber_without_monster
D:8:      layout_loops_corners, erik_lair_island, serial_shops, shop,
          uniq_erica, uniq_maurice, uniq_maggie
Temple:   compressed_dpeg_triangle_lava_temple

Skill      XL: |  1  2  3  4  5  6  7  8  9 |
---------------+----------------------------+-----
Ranged Weapons | 6 7 8 9 10 11 | 11.9
Dodging        | 3 4 5 6 7 |  7.4
Fighting       | 3 4 5 6 |  6.6
Invocations    | 1 3 4 |  4.7
Stealth        | |  1.3

Action                   |  1- 3 |  4- 6 |  7- 9 || total
-------------------------+-------+-------+-------++-------
Melee: Dagger            |       |       |    13 ||    13
       Punch             |       |       |     1 ||     1
       Shortbow          |       |       |     9 ||     9
 Fire: Shortbow          |    78 |   115 |   407 ||   600
Invok: Heroism           |       |       |     1 ||     1
Evoke: Wand              |       |     7 |       ||     7
  Use: Scroll            |       |     6 |     9 ||    15
       Potion            |       |       |     7 ||     7
Armor: Leather armour    |     4 |    12 |    71 ||    87
Dodge: Dodged            |    26 |    69 |   254 ||   349

Table legend: (Time is in decaauts)
 A = Elapsed time spent in this place.
 B = Non-inter-level travel time spent in this place.
 C = Inter-level travel time spent in this place.
 D = Time resting spent in this place.
 E = Time spent auto-exploring this place.
 F = Levels seen in this place.
 G = Mean time per level.
                   A        B        C        D        E       F      G
               +--------+--------+--------+--------+--------+-----+--------+
         Total |   7831 |   7617 |    214 |    562 |   5871 |   9 |  870.1 |
       Dungeon |   7515 |   7319 |    196 |    562 |   5604 |   8 |  939.4 |
        Temple |    315 |    297 |     18 |      0 |    267 |   1 |  315.0 |
               +--------+--------+--------+--------+--------+-----+--------+

Top non-repeatable levels by time:
     D:7: 1382 daAuts
     D:6: 1261 daAuts
     D:3: 1125 daAuts
     D:5: 1106 daAuts
     D:4: 956 daAuts
     D:1: 826 daAuts
     D:2: 813 daAuts
  Temple: 315 daAuts
     D:8: 43 daAuts

Table legend:
 A = Kills in this place as a percentage of kills in entire the game.
 B = Kills by you in this place as a percentage of kills by you in the entire game.
 C = Kills by friends in this place as a percentage of kills by friends in the entire game.
 D = Other kills in this place as a percentage of other kills in the entire game.
 E = Experience gained in this place as a percentage of experience gained in the entire game.
 F = Experience gained in this place divided by the number of levels of this place that you have seen.
                   A       B       C       D       E      F
               +-------+-------+-------+-------+-------+----------------------
         Total | 100.0 | 100.0 |   N/A |   N/A | 100.0 | 388.0
       Dungeon | 100.0 | 100.0 |   N/A |   N/A | 100.0 | 436.5
               +-------+-------+-------+-------+-------+----------------------
